Match 38672173
Unlisted
Match 38672173
End
Construct Weapon Support Center
Selects Advanced Infantry Battlegroup
Engineer Squad
M1919 Machine Gun Team
Engineer Squad
Bazooka Squad
Air Support Center
Grasshopper Recon Run
M1919 Machine Gun Team
P-47 Strafing Run
Air Supply
Engineer Squad
M3 Armored Personnel Carrier
Grasshopper Recon Run
P-47 Strafing Run
Selects Ammunition Storage
Selects M2A1 105mm Howitzer Emplacement
Grasshopper Recon Run
Grasshopper Recon Run
P-47 Dive Bomb
Double Sortie
Selects Free Fire Drills
Construct Tank Depot
P-47 Strafing Run
M1919 Machine Gun Team
Engineer Squad
Engineer Squad
Grasshopper Recon Run
Selects Convert to Ranger Squad
M4(105) Sherman Bulldozer
Selects Frontline Medical Station
P-47 Strafing Run
Selects Ranger Weapon Training
Bazooka Squad
Grasshopper Recon Run
P-47 Dive Bomb
Frontline Medical Station
Grasshopper Recon Run
P-47 Dive Bomb
P-47 Strafing Run
Grasshopper Recon Run
Bazooka Squad
Bazooka Squad
Grasshopper Recon Run
P-47 Dive Bomb
P-47 Strafing Run
P-47 Dive Bomb
Grasshopper Recon Run
P-47 Dive Bomb
M18 Hellcat Tank Destroyer
M18 Hellcat Tank Destroyer
Grasshopper Recon Run
P-47 Dive Bomb
P-47 Dive Bomb
Grasshopper Recon Run
M4(105) Sherman Bulldozer
M1919 Machine Gun Team
M1919 Machine Gun Team
Grasshopper Recon Run
P-47 Strafing Run
M18 Hellcat Tank Destroyer
P-47 Dive Bomb
M4(105) Sherman Bulldozer
Grasshopper Recon Run
P-47 Strafing Run
Grasshopper Recon Run
P-47 Dive Bomb
P-47 Strafing Run
Engineer Squad
Engineer Squad
Advanced Air Reconnaissance
Grasshopper Recon Run
M4A1 Sherman Medium Tank
M4A1 Sherman Medium Tank
P-47 Strafing Run
P-47 Dive Bomb
Grasshopper High-Altitude Recon Run
M4A1 Sherman Medium Tank
M4A1 Sherman Medium Tank
Grasshopper High-Altitude Recon Run
P-47 Dive Bomb
P-47 Strafing Run
Grasshopper High-Altitude Recon Run
P-47 Dive Bomb
M4A1 Sherman Medium Tank
Grasshopper High-Altitude Recon Run
M4A1 Sherman Medium Tank
Grasshopper High-Altitude Recon Run
Grasshopper High-Altitude Recon Run
Honey
khj
Zebra
스팀계정족같네
CPU - 전문가
CPU - 전문가
CPU - 전문가
CPU - 전문가
0
0
Comments sign in to comment!
No comments posted yet!